 Dungeon Crawl Stone Soup version 0.28.0-43-g3370ac3207 (webtiles) character file.

Game seed: 12413994140311534964

13203 Murumi the Fighter (level 12, -21/136 HPs)
             Began as an Ogre Gladiator on Mar 26, 2022.
             Killed from afar by a rime drake (28 damage)
             ... with a flash freeze
             ... on level 1 of the Lair of Beasts.
             The game lasted 00:42:42 (11353 turns).

Murumi the Fighter (Ogre Gladiator)                Turns: 11353, Time: 00:42:44

Health: -21/136    AC: 13    Str: 23    XL:     12   Next: 3%
Magic:  19/19      EV: 11    Int: 11    God:
Gold:   640        SH:  0    Dex: 10    Spells: 20/21 levels left

rFire   . . .      SeeInvis .   B - +4 morningstar
rCold   . . .      Faith    .   (no shield)
rNeg    . . .      Spirit   .   I - +1 troll leather armour
rPois   +          Reflect  .   c - +0 hat
rElec   .          Harm     .   o - +2 cloak
rCorr   .          Rampage  .   (gloves unavailable)
Will    +....                   (boots unavailable)
Stlth   ++........              m - amulet of regeneration
HPRegen 1.92/turn               l - +4 ring of protection
MPRegen 0.16/turn               q - ring of poison resistance

@: lethally poisoned (-21 -> -37)
A: large, unfitting armour, tough skin 1
a: no special abilities


You were on level 1 of the Lair of Beasts.
You visited 3 branches of the dungeon, and saw 12 of its levels.

You collected 640 gold pieces.

Inventory:

Hand Weapons
 s - a +0 giant spiked club
 B - a +4 morningstar (weapon)
Missiles
 g - 232 stones (quivered)
 j - 7 poisoned darts
 D - a throwing net
 H - 2 datura-tipped darts
Armour
 c - a +0 hat (worn)
 o - a +2 cloak (worn)
 I - a +1 troll leather armour (worn)
Jewellery
 l - a +4 ring of protection (left hand)
 m - an amulet of regeneration (around neck)
 q - a ring of poison resistance (right hand)
 F - a ring of resist corrosion
Wands
 b - a wand of flame (12)
 v - a wand of iceblast (21)
 z - a wand of digging (3)
Scrolls
 a - 2 scrolls of fear
 f - 2 scrolls of teleportation
 k - a scroll of amnesia
 y - 3 scrolls of magic mapping
 C - 2 scrolls of fog
Potions
 d - a potion of resistance {unknown}
 e - 5 potions of brilliance
 h - 7 potions of curing
 i - 4 potions of lignification
 n - a potion of attraction {unknown}
 p - 4 potions of berserk rage
 r - 4 potions of haste
 t - 2 potions of might
 u - a potion of flight {unknown}
 w - a potion of ambrosia {unknown}
 x - 3 potions of mutation {unknown}
 A - a potion of cancellation {unknown}
 E - 3 potions of heal wounds {unknown}
 G - a potion of degeneration {unknown}


   Skills:
 - Level 13.0 Fighting
 + Level 7.9 Maces & Flails
 - Level 9.0 Throwing
 - Level 3.0 Armour
 - Level 7.0 Dodging
 - Level 3.0 Stealth
 - Level 5.0 Spellcasting
 - Level 3.0 Translocations
 - Level 3.0 Evocations


You had 20 spell levels left.
You knew the following spells:

 Your Spells              Type           Power      Damage    Failure   Level
a - Apportation           Tloc           18%        N/A       7%          1

Your spell library contained the following spells:

 Spells                   Type           Power      Damage    Failure   Level
 Gell's Gravitas          Tloc           9%         N/A       22%         3
 Lesser Beckoning         Tloc           9%         N/A       22%         3
 Teleport Other           Tloc           9%         N/A       22%         3
 Animate Skeleton         Necr           4%         N/A       24%         1
 Freeze                   Ice            8%         1d3       24%         1
 Magic Dart               Conj           8%         1d3       24%         1
 Summon Small Mammal      Summ           8%         N/A       24%         1
 Call Imp                 Summ           2%         N/A       36%         2
 Frozen Ramparts          Ice            4%         1d2       58%         3
 Mephitic Cloud           Conj/Pois/Air  2%         N/A       58%         3
 Hailstorm                Conj/Ice       2%         3d3       94%         4
 Summon Ice Beast         Ice/Summ       2%         N/A       94%         4
 Summon Mana Viper        Hex/Summ       2%         N/A       100%        5
 Monstrous Menagerie      Summ           1%         N/A       100%        7


Dungeon Overview and Level Annotations

Branches:
Dungeon (10/15)            Temple (1/1) D:4            Lair (1/6) D:10
    Orc (0/2) D:10

Altars:
Ashenzari
Cheibriados
Dithmenos
Elyvilon
Fedhas
Gozag
Hepliaklqana
Kikubaaqudgha
Makhleb
Nemelex Xobeh
Okawaru
Qazlal
Ru
Sif Muna
Trog
Uskayaw
Vehumet
Wu Jian
Xom
Yredelemnul
Zin
The Shining One

Shops:
D:6 =

Annotations:
D:9 2 transporters, exclusions: ice statue and oklob plant, Elsvaer's ghost, journeyman DEEE


Innate Abilities, Weirdness & Mutations

You are too large for most types of armour.
You have tough skin. (AC +1)


Message History

The cane toad poisons you!
You have reached level 12!
You feel stronger.
You barely miss the cane toad.
You feel very sick.
The cane toad stings you but does no damage.
You sock the cane toad!
The cane toad is moderately wounded.
You feel sick.
The cane toad stings you but does no damage.
You hit the cane toad.
The cane toad is heavily wounded.
You feel sick.
The cane toad stings you but does no damage.
The cane toad closely misses you.
You hit the cane toad.
You punch the cane toad, but do no damage.
The cane toad is heavily wounded.
You feel sick. The cane toad barely misses you.
Unknown command.
You puncture the cane toad!
The cane toad is severely wounded.
You feel sick. The cane toad stings you!
* * * LOW HITPOINT WARNING * * *
You closely miss the cane toad.
The cane toad is severely wounded.
You feel sick. The cane toad stings you.
* * * LOW HITPOINT WARNING * * *
You are more poisoned.
The cane toad poisons you! The cane toad stings you.
* * * LOW HITPOINT WARNING * * *
You are lethally poisoned!
The cane toad poisons you!
You bludgeon the cane toad!!
You kill the cane toad!
* * * LOW HITPOINT WARNING * * *
You feel extremely sick. The rime drake breathes ice at you.
The flash freeze hits you!!
You die...

....... ....... .......
....... #...# .......
######... .......
........ ##.P.#
......#####@#
.P?...##k.## #
###..##..##
###.#.......#####
#...............#
#......###.....##
#...#.#≈≈#.#...#####
#...$...≈..≈#.....#P###
....##.≈≈≈≈≈##........#


You could see a rime drake (catching breath).

Vanquished Creatures
  A boulder beetle (D:10)
  Harold (Lair:1)
  A hydra (Lair:1)
  3 two-headed ogres (D:9)
  The ghost of Elsvaer the Jinx, a novice DECj of Vehumet (D:8)
  An orc knight (D:10)
  An elephant (D:10)
  A cane toad (Lair:1)
  A komodo dragon (Lair:1)
  A tengu conjurer (D:10)
  2 trolls (D:10)
  A hornet (D:10)
  2 wyverns
  11 yaks
  2 vampires
  2 basilisks
  Menkaure (D:5)
  The ghost of dangdung the Changer, an amateur OpTm (D:3)
  2 acid dragons (D:10)
  2 water moccasins (D:6)
  4 black bears
  A hornet zombie (D:7)
  An ice beast (D:7)
  6 orc warriors
  A sky beast (D:8)
  2 necrophages
  4 ogres
  3 centaurs
  A wyvern zombie (D:8)
  A phantom (D:4)
  A bullfrog (Lair:1)
  3 water moccasin zombies
  4 scorpions
  7 wights (D:8)
  4 killer bees (D:9)
  An electric eel (D:10)
  2 centaur zombies
  3 hounds
  2 jellies
  Crazy Yiuf (D:2)
  6 orc priests
  A bullfrog skeleton (D:6)
  2 centaur skeletons
  2 iguanas
  Jessica (D:2)
  12 orc wizards
  A hound zombie (D:5)
  A howler monkey zombie (D:9)
  4 gnolls
  13 adders
  2 shadow imps
  A white imp (D:7)
  A worm (D:5)
  2 dart slugs
  24 orcs
  3 ball pythons (D:1)
  6 endoplasms
  A giant cockroach (D:2)
  6 goblins
  7 hobgoblins
  4 jackals (D:4)
  5 kobolds
  5 quokkas
  6 bats
  A frilled lizard (D:3)
  3 rats
210 creatures vanquished.

Notes
Turn   | Place    | Note
-------+----------+-------------------------------------------
     0 | D:1      | Murumi the Ogre Gladiator began the quest for the Orb.
     0 | D:1      | Reached XP level 1. HP: 22/22 MP: 1/1
    57 | D:1      | Reached skill level 3 in Fighting
   232 | D:1      | Reached XP level 2. HP: 30/31 MP: 2/2
  1239 | D:2      | Reached XP level 3. HP: 34/39 MP: 3/3
  1427 | D:2      | Noticed Jessica
  1442 | D:2      | Killed Jessica
  1443 | D:2      | Reached skill level 4 in Fighting
  1443 | D:2      | Reached skill level 1 in Armour
  1629 | D:2      | Reached skill level 1 in Stealth
  1629 | D:2      | Reached XP level 4. HP: 34/48 MP: 4/4
  2043 | D:2      | Found a runed translucent door.
  2044 | D:2      | Noticed Crazy Yiuf
  2058 | D:2      | Killed Crazy Yiuf
  2136 | D:2      | Reached skill level 5 in Fighting
  2146 | D:2      | Reached XP level 5. HP: 55/57 MP: 5/5
  2457 | D:3      | You fall into a shaft and drop 3 floors!
  2462 | D:5      | Entered Level 5 of the Dungeon
  2462 | D:5      | Noticed a black bear
  2473 | D:5      | Killed a black bear
  2474 | D:5      | Reached skill level 6 in Fighting
  2474 | D:5      | Reached XP level 6. HP: 56/67 MP: 6/6
  2572 | D:5      | Found a shadowy altar of Dithmenos.
  2575 | D:5      | Found a blossoming altar of Fedhas.
  2579 | D:5      | Found a glowing golden altar of the Shining One.
  2581 | D:5      | Found a shimmering blue altar of Sif Muna.
  2583 | D:5      | Found a radiant altar of Vehumet.
  2587 | D:5      | Found a glowing silver altar of Zin.
  2694 | D:5      | Reached skill level 7 in Fighting
  2694 | D:5      | Reached XP level 7. HP: 35/78 MP: 7/7
  2869 | D:5      | Reached skill level 8 in Fighting
  3257 | D:4      | Reached XP level 8. HP: 87/88 MP: 8/8
  3290 | D:4      | Reached skill level 5 in Throwing
  3360 | D:3      | Reached skill level 1 in Evocations
  3696 | D:3      | Found a runed translucent door.
  3699 | D:3      | Noticed dangdung's ghost (amateur OpTm)
  3838 | D:3      | Killed dangdung's ghost
  3839 | D:3      | Reached skill level 9 in Fighting
  4328 | D:4      | Found a staircase to the Ecumenical Temple.
  4337 | Temple   | Entered the Ecumenical Temple
  4734 | D:5      | Reached skill level 5 in Maces & Flails
  4975 | D:6      | Noticed Menkaure
  4986 | D:5      | Reached XP level 9. HP: 54/98 MP: 9/9
  5048 | D:5      | Killed Menkaure
  5049 | D:5      | Reached skill level 5 in Dodging
  5564 | D:6      | Reached skill level 10 in Fighting
  5606 | D:6      | Found Kuvommi's One-of-a-Kind Rings.
  6852 | D:8      | Reached skill level 11 in Fighting
  7059 | D:8      | Reached XP level 10. HP: 92/113 MP: 10/10
  7342 | D:8      | Found a runed translucent door.
  7343 | D:8      | Noticed Elsvaer's ghost (novice DECj)
  7830 | D:9      | Noticed a two-headed ogre
  7837 | D:9      | Killed a two-headed ogre
  7955 | D:9      | Found a transporter.
  7965 | D:9      | Noticed a boulder beetle
  7966 | D:9      | Noticed a two-headed ogre
  7966 | D:9      | Noticed a centaur warrior
  7968 | D:9      | Noticed an oklob plant
  7969 | D:9      | Noticed Elsvaer's ghost (journeyman DEEE)
  7970 | D:9      | Noticed a seven-headed hydra
  7973 | D:9      | Noticed an ice statue
  7973 | D:9      | Noticed a two-headed ogre
  8075 | D:9      | Noticed a two-headed ogre
  8089 | D:9      | Killed a two-headed ogre
  8090 | D:9      | Reached skill level 12 in Fighting
  8128 | D:9      | Found a transporter.
  8350 | D:9      | Learned a level 1 spell: Apportation
  8474 | D:9      | Noticed a two-headed ogre
  8487 | D:9      | Killed a two-headed ogre
  8586 | D:9      | Reached skill level 1 in Spellcasting
  8589 | D:9      | Reached skill level 1 in Translocations
  8788 | D:8      | Killed Elsvaer's ghost
  8893 | D:10     | Entered Level 10 of the Dungeon
  9093 | D:10     | Reached XP level 11. HP: 111/123 MP: 15/17
  9121 | D:10     | Noticed an orc knight
  9154 | D:10     | Killed an orc knight
  9162 | D:10     | Noticed a boulder beetle
  9348 | D:10     | Killed a boulder beetle
  9760 | D:10     | Reached skill level 5 in Spellcasting
  9936 | D:10     | Found a staircase to the Lair.
 10271 | D:10     | Found a staircase to the Orcish Mines.
 10734 | D:10     | Found a sacrificial altar of Ru.
 10854 | Lair:1   | Entered Level 1 of the Lair of Beasts
 10988 | Lair:1   | Reached skill level 13 in Fighting
 11149 | Lair:1   | Noticed Harold
 11169 | Lair:1   | Killed Harold
 11325 | Lair:1   | Noticed a five-headed hydra
 11346 | Lair:1   | Killed a five-headed hydra
 11347 | Lair:1   | Reached XP level 12. HP: 36/136 MP: 19/19
 11353 | Lair:1   | Killed from afar by a rime drake

Illustrated notes

Levels and vault maps discovered:
D:1:      noname_arrival_rooms_in_the_neighbourhood, layout_basic,
          hangedman_decor_clover_reticule, chequers_serial_rivers_micro_e,
          minmay_tromino_i2
D:2:      layout_rooms, grunt_decor_clamped, uniq_crazy_yiuf_cottage,
          uniq_jessica
D:3:      layout_rooms, ebering_ghost_sewer_d
D:4:      layout_basic, temple_hall
D:5:      layout_basic, minitemple
D:6:      layout_rooms, nicolae_shop_unique_rings, uniq_menkaure
D:7:      layout_loops_ring
D:8:      layout_cave_pods, hellmonk_ghost_happy_afterlife
D:9:      layout_basic, nzn_ghost_randoct
D:10:     minmay_bloctagon_deflated, layout_irregular_city,
          nicolae_ru_path_of_blood, david_lair_generic, erik_orc_2
Temple:   minmay_freezing_vapour_temple
Lair:1:   layout_cave_shapes, special_room [special_room_bee],
          nicolae_lair_lil_pond, uniq_harold

Skill      XL: |  1  2  3  4  5  6  7  8  9 10 11 |
---------------+----------------------------------+-----
Fighting       | 3 4 5 6 7 8 9 11 12 13 | 13.0
Maces & Flails | 3 4 5 6 7 |  7.9
Dodging        | 3 4 5 6 7 |  7.0
Armour         | 1 2 3 |  3.0
Stealth        | 1 2 3 |  3.0
Throwing       | 3 4 5 7 8 9 |  9.0
Evocations     | 2 3 |  3.0
Spellcasting   | 4 5 |  5.0
Translocations | 2 3 |  3.0

Action                   |  1- 3 |  4- 6 |  7- 9 | 10-12 || total
-------------------------+-------+-------+-------+-------++-------
Melee: Flail             |    29 |       |       |       ||    29
       Whip              |    27 |   129 |   664 |       ||   820
       Punch             |     1 |     2 |    10 |     6 ||    19
       Morningstar       |       |       |    32 |   338 ||   370
Throw: Stone             |    48 |    22 |   177 |   226 ||   473
       Throwing net      |       |     5 |       |     2 ||     7
       Dart              |       |     7 |     5 |     7 ||    19
Evoke: Wand              |       |       |       |    10 ||    10
  Use: Scroll            |     2 |     1 |    12 |     4 ||    19
 Stab: Held in net/web   |       |     2 |       |     1 ||     3
       Sleeping          |       |     1 |     1 |     1 ||     3
Armor: Robe              |    23 |    47 |   296 |    72 ||   438
       Troll leather arm |       |       |       |    91 ||    91
Dodge: Dodged            |    21 |    70 |   336 |   197 ||   624
